[Event "Late-Titled-Tuesday-Blitz-June-18-2024"]
[Site "Chess.com"]
[Date "2024.06.18"]
[Round "3"]
[White "CoachVadim"]
[Black "santosalberto1987"]
[Result "1/2-1/2"]
[WhiteElo "2396"]
[BlackElo "2575"]
[TimeControl "180+1"]
[EndTime "14:30:37 PDT"]
[Termination "Game drawn by repetition"]

1. Nf3 Nf6 2. g3 d5 3. Bg2 e6 4. O-O Be7 5. c4 O-O 6. b3 b6 7.
Bb2 Bb7 8. d4 c5 9. cxd5 Nxd5 10.
e4 Nf6 11. e5 Nd5 12. dxc5 Bxc5 13. Nbd2 Nb4 14. Nc4 N8c6 15. Nd6 Bxd6 16. exd6 Nd5 17. Nd4 Qxd6 18. Nb5 Qc5 19. Qg4 g6 20. a4 a6 21.
Rac1 Qb4 22. Qxb4 Ncxb4 23. Nd6 Rab8 24. Nxb7 Rxb7 25. Ba3 a5 26. Bxb4 axb4 27. Bxd5 exd5 28. Rfd1 b5 29. Rxd5 bxa4 30. bxa4 Ra8 31. a5 b3 32. Rb1 Rb4 33. Rd3 Rxa5 34. Rdxb3 Rc4 35. Rb7 Ra2 36. R1b2 Rxb2 37. Rxb2 h5 38. Kg2 h4 39. gxh4 Rxh4 40. Kg3 Ra4 41. f3 Kg7 42. Rb5 Ra2 43. h3 Kh6 44. h4 Ra4 45. Rc5 f5 46. Rc8 Ra1 47.
Rb8 Rg1+ 48. Kf2 Rh1 49. Kg3 Kg7 50. Ra8 Rg1+ 51. Kf2 Rb1 52. Kg3 Rb6 53. Kf4 Kf6 54. Rf8+ Kg7 55. Ra8 Rb3 56. Kg5 Rxf3 57. Ra7+ Kf8 58.
Kxg6 f4 59. h5 Rh3 60. Rf7+ Kg8 61. Rxf4 Rg3+ 62. Kh6 Ra3 63. Rf6 Ra4 64. Re6 Ra5 65.
Rb6 Ra8 66. Rg6+ Kh8 67. Rb6 Kg8 68. Kg6 Kh8 69. Kh6 Kg8 1/2-1/2

[Event "Late-Titled-Tuesday-Blitz-June-18-2024"]
[Site "Chess.com"]
[Date "2024.06.18"]
[Round "3"]
[White "Stanbad1"]
[Black "VaglioSagan"]
[Result "0-1"]
[WhiteElo "2692"]
[BlackElo "2501"]
[TimeControl "180+1"]
[EndTime "14:30:38 PDT"]
[Termination "VaglioSagan won by resignation"]

1. d4 d5 2. Nc3 Nf6 3. Bf4 c5 4. e4 dxe4 5. dxc5 Qa5 6. Bb5+ Bd7 7. a4 a6 8. Ra3 Nc6 9. Bxc6 Bxc6 10. Qd4 Rd8 11.
Qc4 Bd5 12. Qd4 Bb3 13. Qe5 Bxc2 14. Qc7 Qxc7 15. Bxc7 Rc8 16. Bf4 e6 17. b4 a5 18.
Ra2 Bd3 19. bxa5 Bxc5 20. Nb5 O-O 21. Ne2 Nd5 22. Bd2 f5 23. Nec3 e3 24. fxe3 Nxe3 25.
Bxe3 Bxe3 26. Ra3 Rfd8 27. Nd1 Bxb5 28. axb5 Bc5 29. Rb3 Kf7 30. Ke2 Rd4 31. Ne3 Rcd8 32. Kf3 Ra4 33. a6 bxa6 34. bxa6 Rxa6 35. Rc1 Bxe3 36.
Kxe3 Rad6 37. Rbc3 R8d7 38. Rc7 Kf6 39. Rxd7 Rxd7 40. Rc8 g5 41. Rf8+ Ke5 42. Rh8 f4+ 43. Kf3 Kf5 44. Rf8+ Kg6 45. Rg8+ Kf6 46. Kg4 Rd2 47.
Kf3 h5 48. Rf8+ Ke5 49. h3 Rd3+ 50. Kf2 Rg3 51. Rh8 h4 52. Rf8 Ke4 53. Rf6 e5 54. Rg6 f3 55. gxf3+ Rxf3+ 56. Kg2 Rg3+ 57. Kh2 Ke3 58. Re6 e4 59. Rf6 Kd2 60. Rd6+ Ke2 61. Re6 e3 62. Re5 Kd1 63. Ra5 e2 64. Ra1+ Kd2 65.
Ra2+ Ke3 66. Ra1 Kf2 67. Ra2 Kf1 68. Ra6 e1=Q 69. Rf6+ Qf2+ 70. Rxf2+ Kxf2 0-1

[Event "Late-Titled-Tuesday-Blitz-June-18-2024"]
[Site "Chess.com"]
[Date "2024.06.18"]
[Round "3"]
[White "secretworker2027"]
[Black "moro182"]
[Result "1/2-1/2"]
[WhiteElo "2668"]
[BlackElo "2916"]
[TimeControl "180+1"]
[EndTime "14:30:39 PDT"]
[Termination "Game drawn by repetition"]

1. e4 g6 2. d4 Bg7 3. Nf3 d6 4. Nbd2 Nf6 5. Be2 O-O 6. O-O b6 7. c3 Bb7 8. Qc2 Nbd7 9. Re1 e5 10. dxe5 dxe5 11. Bf1 Nh5 12. Nc4 h6 13. a4 a5 14.
Be3 Qe7 15. Rad1 Ndf6 16. Bc1 Nd7 17. Ne3 Nhf6 18. Nd5 Nxd5 19. exd5 Rfe8 20. Nd4 Bxd5 21.
Nf5 gxf5 22. Rxd5 Qe6 23. Bc4 e4 24. Bf4 c6 25. Rd4 Qe7 26. Rd6 Ne5 27. Bxe5 Qxe5 28.
Rxc6 Rad8 29. Qb3 Re7 30. Rxb6 Rd2 31. Rb8+ Kh7 32. Bxf7 Rxf7 33. Qxf7 Qxb8 34. Qxf5+ Kh8 35. Qxe4 Rxb2 36. Qg6 Qf8 37. Re8 Rb1+ 38. Qxb1 Qxe8 39.
Qd1 Bxc3 40. g3 Qe1+ 41. Qxe1 Bxe1 42. Kf1 Bb4 43. f4 Kg7 44. Ke2 Kg6 45. Kf3 h5 46. h3 Bd6 47. Ke4 Kf6 48. g4 hxg4 49. hxg4 Bc7 50. Kf3 Bd6 51. Ke4 Ba3 52. Kf3 Bc1 53. Ke4 Ke6 54. g5 Bd2 55. f5+ Kf7 56. g6+ Kf6 57.
Kd5 Bc3 58. Kc4 Bb4 59. Kb5 Kg7 60. Ka6 Be1 61. Kb5 Kf6 62. Ka6 Bc3 63. Kb5 Kxf5 64. g7 Bxg7 65. Kxa5 Bc3+ 66. Kb5 Be1 67. Kc4 Ba5 68.
Kb5 Be1 69. Ka6 Bd2 70. Kb5 Be1 1/2-1/2

[Event "Late-Titled-Tuesday-Blitz-June-18-2024"]
[Site "Chess.com"]
[Date "2024.06.18"]
[Round "3"]
[White "Duhless"]
[Black "Aswathchess"]
[Result "0-1"]
[WhiteElo "3094"]
[BlackElo "2781"]
[TimeControl "180+1"]
[EndTime "14:30:41 PDT"]
[Termination "Aswathchess won by resignation"]

1. e4 c5 2. Nf3 d6 3. Bb5+ Bd7 4.
Bxd7+ Nxd7 5. c3 Ngf6 6. Qe2 e6 7. d4 Be7 8. e5 Nd5 9. exd6 Bxd6 10. c4 N5f6 11.
d5 Qe7 12. dxe6 Qxe6 13. Qxe6+ fxe6 14. Nc3 a6 15. Ke2 Ke7 16. Be3 Rac8 17. Rhd1 Rhd8 18. b3 Bb8 19. Rd2 b6 20. a4 a5 21. Rad1 Ne5 22. h3 Rxd2+ 23. Rxd2 Nc6 24. g4 Rf8 25. Rd1 Rd8 26.
Rxd8 Kxd8 27. Ng5 Ke7 28. Nge4 Be5 29. Nxf6 gxf6 30. Ne4 Bd4 31. Bd2 Bb2 32. Kd3 Ne5+ 33. Kc2 Bd4 34. g5 f5 35. Nf6 Nf3 36. Nxh7 Kf7 37.
Be3 Kg7 38. Nf6 Bxf6 39. gxf6+ Kxf6 40. b4 axb4 41. a5 bxa5 42. Bxc5 Kg5 43. Be7+ Kf4 44. Bd8 a4 45. Bc7+ Ke4 46. Bd6 Nd4+ 47. Kc1 Kd3 48. h4 Kc3 49. h5 a3 50. Be5 b3 51.
Bxd4+ Kxd4 52. h6 Kc3 53. h7 b2+ 54. Kd1 b1=Q+ 55. Ke2 Qh1 56. h8=Q+ Qxh8 0-1

[Event "Late-Titled-Tuesday-Blitz-June-18-2024"]
[Site "Chess.com"]
[Date "2024.06.18"]
[Round "3"]
[White "SocoLoco"]
[Black "EliteChess0967"]
[Result "1/2-1/2"]
[WhiteElo "2177"]
[BlackElo "2390"]
[TimeControl "180+1"]
[EndTime "14:30:42 PDT"]
[Termination "Game drawn - insufficient material"]

1. e4 e5 2. d4 exd4 3. Nf3 Nc6 4.
Nxd4 Qf6 5. Be3 Bc5 6. Nb5 Bxe3 7. fxe3 Qd8 8. N1c3 a6 9. Nd4 Nge7 10. Be2 O-O 11. O-O d6 12. Bg4 Ne5 13. Bxc8 Qxc8 14.
Nd5 Nxd5 15. exd5 Qg4 16. Nf5 Qxd1 17. Raxd1 Rfe8 18. b3 g6 19. Nd4 Ng4 20. Rf3 Nxe3 21. Rd2 Nxd5 22. Nf5 Ne7 23. Nd4 Nc6 24. Ne2 Kg7 25. h3 Ne5 26. Rf2 f5 27. c4 Rad8 28.
Nd4 Re7 29. Rf1 Rde8 30. Rfd1 Nc6 31. Nf3 Re2 32. Kf1 Rxd2 33. Rxd2 h6 34. a3 Kf6 35. b4 g5 36. b5 axb5 37. cxb5 Ne5 38. Nd4 Ra8 39. Rc2 c5 40. bxc6 bxc6 41. Rc3 c5 42. Nb5 Ra6 43. a4 f4 44. Ra3 Kf5 45. Nc3 c4 46. Nd5 Ke4 47. Nf6+ Kd4 48. Ng8 h5 49. Ne7 c3 50. Nf5+ Kd3 51. Ke1 Rb6 52. Kf2 Kd2 53. Nd4 Nc4 54. Ra2+ Rb2 55. Ra3 c2 56. Nxc2 Kxc2 57.
a5 Rb3 58. Ra4 Nxa5 59. Rxa5 Rd3 60. Rxg5 d5 61. Rxh5 d4 62. Rf5 Ra3 63. h4 d3 64.
Rc5+ Rc3 65. Rd5 d2 66. h5 d1=Q 67. Rxd1 Kxd1 68. h6 Rc6 69. Kf3 Rxh6 70. Kxf4 Ke2 71. g4 Kd3 72. g5 Rh1 73. Kf5 Kd4 74. Kf6 Ke4 75. g6 Kf4 76. g7 Rg1 77. Kf7 Kf5 78.
g8=Q Rxg8 79. Kxg8 1/2-1/2

[Event "Late-Titled-Tuesday-Blitz-June-18-2024"]
[Site "Chess.com"]
[Date "2024.06.18"]
[Round "3"]
[White "Rsnr"]
[Black "Bykov_Egor"]
[Result "1-0"]
[WhiteElo "2902"]
[BlackElo "2654"]
[TimeControl "180+1"]
[EndTime "14:30:46 PDT"]
[Termination "Rsnr won on time"]

1. d4 Nf6 2. c4 g6 3. Nf3 Bg7 4. g3 O-O 5. Bg2 d6 6. O-O Nc6 7. Nc3 a6 8. Qd3 Rb8 9. d5 Nb4 10. Qd1 a5 11. e4 e5 12. Be3 Ng4 13. Bg5 f6 14. Bd2 f5 15. h3 Nf6 16. exf5 Bxf5 17.
a3 Nc2 18. Rc1 Nd4 19. Nxd4 exd4 20. Nb5 Qd7 21. Kh2 Be4 22. Bxa5 c5 23. Bc7 Rbe8 24.
Bxd6 Rf7 25. Bxc5 Bxg2 26. Kxg2 Ne4 27. Bxd4 Bh6 28. Rc2 Ng5 29. Qg4 Qe7 30. d6 Qd8 31. f4 Ne4 32. Be5 Qb6 33. Nc7 Rd8 34. Nd5 Qb3 35.
Re2 Qxc4 36. Ne7+ Kf8 37. Rd1 Nxd6 38. Rxd6 Kxe7 39. Rxd8 Kxd8 40. Rd2+ Ke8 41. Qf3 Re7 42. b3 Qb5 43. Rd5 Qc6 44. h4 Rd7 45. Rxd7 Qc2+ 46. Qf2 Qc6+ 47. Qf3 Qc2+ 48. Kh3 Qf5+ 49. Qg4 Kxd7 50.
Qxf5+ gxf5 51. g4 Ke6 52. g5 Bf8 53. a4 Kd5 54. h5 Ke6 55. Kg3 1-0

[Event "Late-Titled-Tuesday-Blitz-June-18-2024"]
[Site "Chess.com"]
[Date "2024.06.18"]
[Round "3"]
[White "King_Deded4d5"]
[Black "HamedWafa4"]
[Result "0-1"]
[WhiteElo "2477"]
[BlackElo "2669"]
[TimeControl "180+1"]
[EndTime "14:30:47 PDT"]
[Termination "HamedWafa4 won on time"]

1. d4 Nf6 2. Nf3 e6 3. Bf4 c5 4. e3 d5 5. Nbd2 Bd6 6. Bb5+ Nc6 7. dxc5 Bxc5 8. O-O O-O 9. c4 a6 10. Bxc6 bxc6 11.
Rc1 Be7 12. Ne5 Bb7 13. Qa4 Rc8 14. Nb3 Ne4 15. Na5 Nc5 16. Qa3 Ba8 17. b4 Ne4 18. cxd5 cxd5 19. Nec6 Qd7 20. Nxe7+ Qxe7 21. f3 Nd6 22. Qd3 e5 23. Bg3 Nb5 24. a4 Qxb4 25. axb5 Qxa5 26. bxa6 f6 27. Ra1 Qc5 28. Bf2 Kh8 29.
h4 h6 30. Ra3 Rfd8 31. a7 Rd7 32. Rfa1 Rdd8 33. Ra5 Qc6 34. h5 Qe8 35. Qg6 Qe7 36. Ra6 d4 37. exd4 exd4 38. Bh4 Rf8 39. Qd3 Qc5 40. Bf2 Rfd8 41. R6a5 Qd6 42. R5a4 Qe5 43. Rxd4 Rxd4 44. Qxd4 Qxh5 45. Qd7 Rg8 46. Rd1 Qg5 47. Rd3 Qc1+ 48. Kh2 Qf4+ 49. Bg3 Qg5 50. Qg4 Qb5 51. Rd7 Bc6 52. Rc7 Qb6 53. Qf4 Ba8 54. Qd6 Qa5 55.
Re7 Qh5+ 56. Kg1 Qa5 57. Qf4 Rd8 58. Qh4 Qc5+ 59. Kh2 Qxe7 0-1

[Event "Late-Titled-Tuesday-Blitz-June-18-2024"]
[Site "Chess.com"]
[Date "2024.06.18"]
[Round "3"]
[White "Pelusiansky"]
[Black "sergiochess83"]
[Result "1-0"]
[WhiteElo "2567"]
[BlackElo "2862"]
[TimeControl "180+1"]
[EndTime "14:30:49 PDT"]
[Termination "Pelusiansky won on time"]

1. c4 e5 2. Nc3 Nf6 3. e3 Bb4 4.
Nge2 O-O 5. a3 Bxc3 6. Nxc3 d5 7. cxd5 Nxd5 8. Be2 Nc6 9. Qc2 Re8 10. d3 Nxc3 11. bxc3 Qg5 12. Bf1 Qg6 13. h4 h5 14. e4 b6 15. Bg5 f6 16. Be3 Na5 17. Rg1 c5 18. Be2 Be6 19. Qd1 Bg4 20. f3 Be6 21. Kf2 Rad8 22.
Qc2 Rd7 23. Rab1 Red8 24. g3 Qf7 25. f4 Bg4 26. Rbd1 Bxe2 27. Qxe2 Qg6 28. f5 Qg4 29. Qxg4 hxg4 30. Ke2 Kf7 31. c4 Nb3 32. a4 Na5 33.
Rd2 Nc6 34. Rb1 Nb4 35. Rb3 Nc6 36. Ra3 Na5 37. Rc3 Ke7 38. Rb2 Kd6 39. Bd2 Kc7 40. Ra3 Nc6 41. a5 Rb8 42. axb6+ axb6 43. Bc3 Rb7 44. Rb5 Rd8 45. Ke3 Ra7 46. Rbb3 Rxa3 47. Rxa3 Kb7 48. Kd2 Re8 49. Ke3 Rh8 50. Ra1 Rd8 51. Rh1 Rh8 52. Rf1 Ra8 53. Ra1 Rxa1 54.
Bxa1 Ka6 55. Bc3 b5 56. cxb5+ Kxb5 57. Kd2 Nb4 58. Ke2 Ka4 59. h5 Kb3 60. Bxe5 fxe5 61. f6 gxf6 62. h6 c4 63. dxc4 Nc6 64. h7 Nd4+ 65.
Kf2 1-0

[Event "Late-Titled-Tuesday-Blitz-June-18-2024"]
[Site "Chess.com"]
[Date "2024.06.18"]
[Round "3"]
[White "SHIVACalypso"]
[Black "Individoom"]
[Result "1-0"]
[WhiteElo "2532"]
[BlackElo "2794"]
[TimeControl "180+1"]
[EndTime "14:30:50 PDT"]
[Termination "SHIVACalypso won by resignation"]

1. Nf3 Nf6 2. c4 e6 3. g3 d5 4. Bg2 c6 5. O-O Be7 6. d4 O-O 7. b3 Nbd7 8. Bb2 b6 9. Nbd2 Ba6 10. Re1 c5 11. Rc1 Rc8 12. e3 Qc7 13. dxc5 bxc5 14. cxd5 exd5 15. Nd4 Rfe8 16. Nf5 Bf8 17. e4 dxe4 18. Nxe4 Nxe4 19. Bxe4 Ne5 20. Qh5 f6 21.
Bd5+ Kh8 22. Nh4 Bd3 23. Re4 g6 24. Nxg6+ Nxg6 25. Bxf6+ Bg7 26. Rxe8+ Rxe8 27. Bxg7+ Kxg7 28. Bc4 Bxc4 29. Rxc4 Re1+ 30. Kg2 Qc6+ 31. Kh3 Qe6+ 32. Kg2 Re5 33. Qf3 Qd5 34. Qxd5 Rxd5 35. Ra4 Rd7 36. Kf3 Kf6 37. Ra5 Rc7 38. Ke4 Ke6 39. f4 Ne7 40.
Ra6+ Kf7 41. Ke5 c4 42. bxc4 Rxc4 43. Rxa7 Rc2 44. h4 Rg2 45. f5 Re2+ 46. Kf4 Kf6 47. Ra6+ Kf7 48. g4 Nd5+ 49. Kg5 Re7 50. f6 Re5+ 51.
Kh6 Nxf6 52. Ra7+ Ke6 53. g5 Nd5 54. Ra6+ Kf5 55. Kxh7 Kg4 56. g6 Rh5+ 57. Kg8 Kxh4 58. g7 Ne7+ 59. Kf7 Rg5 60. Re6 Nf5 61. Rg6 Rxg6 62.
Kxg6 Nxg7 63. Kxg7 Kg5 64. a4 Kf5 65. a5 Ke6 66. a6 Kd6 67. a7 Kc7 68. a8=Q 1-0

[Event "Late-Titled-Tuesday-Blitz-June-18-2024"]
[Site "Chess.com"]
[Date "2024.06.18"]
[Round "3"]
[White "Legit"]
[Black "amintabatabaei"]
[Result "1/2-1/2"]
[WhiteElo "2738"]
[BlackElo "3032"]
[TimeControl "180+1"]
[EndTime "14:30:54 PDT"]
[Termination "Game drawn by repetition"]

1. Nf3 d5 2. d4 e6 3. c4 dxc4 4. e3 a6 5. Bxc4 Nf6 6. O-O c5 7. Nc3 b5 8. Be2 Nbd7 9. b3 Bb7 10. Bb2 Rc8 11. a4 b4 12. Nb1 Be7 13. Nbd2 Nd5 14.
Rc1 O-O 15. Bd3 cxd4 16. Nxd4 Nc3 17. Qh5 g6 18. Qh3 Ne5 19. Bc4 Nxc4 20. Nxc4 Bf6 21. Bxc3 bxc3 22. Rxc3 Rc5 23. f4 Rh5 24. Qg3 Bxd4 25.
exd4 Qxd4+ 26. Qe3 Qd5 27. Rc2 Rc8 28. Nb6 Rxc2 29.
Nxd5 Rxd5 30. Rc1 Rb2 31. Qa7 Rxb3 32. h4 Rd2 33. Qb8+ Kg7 34. Qe5+ Kf8 35. Qh8+ Ke7 36. Rc7+ Rd7 37. Rxd7+ Kxd7 38. Qxh7 Ke7 39. Qh8 Rg3 40. Qb8 Rxg2+ 41. Kf1 Bd5 42. Qa7+ Kf6 43. Qxa6 Ra2 44. Qa7 Kg7 45. Qd4+ Kg8 46. Qa7 Kf8 47.
a5 Kg7 48. Ke1 Kf6 49. Qd4+ Kf5 50. Qe5+ Kg4 51. Qc3 Kxf4 52. a6 Rxa6 53. Qd4+ Kg3 54. Qd3+ Kxh4 55. Qxa6 f5 56. Kf2 g5 57. Qf1 f4 58. Qg1 g4 59. Qh2+ Kg5 60. Qh7 g3+ 61.
Kg1 Kg4 62. Qg6+ Kh4 63. Qh6+ Kg4 64. Qg6+ Kf3 65. Qd3+ Kg4 66. Qg6+ 1/2-1/2

[Event "Late-Titled-Tuesday-Blitz-June-18-2024"]
[Site "Chess.com"]
[Date "2024.06.18"]
[Round "3"]
[White "katharinareinecke"]
[Black "Andrii_Prydun"]
[Result "0-1"]
[WhiteElo "2047"]
[BlackElo "2365"]
[TimeControl "180+1"]
[EndTime "14:30:54 PDT"]
[Termination "Andrii_Prydun won by checkmate"]

1. d4 Nf6 2. Nf3 g6 3. g3 Bg7 4. Bg2 O-O 5. O-O b6 6. c4 Bb7 7. b3 Bxf3 8. Bxf3 c6 9. Bb2 d5 10.
Nd2 e6 11. e4 Na6 12. cxd5 cxd5 13. Qe2 Nc7 14. exd5 Ncxd5 15. Nc4 Rc8 16. Rac1 Rc7 17. Rfd1 Qb8 18. Ba3 Bh6 19. Rc2 b5 20. Bxf8 Bxf8 21.
Ne5 Nc3 22. Qd2 Nxd1 23. Qxd1 Qd8 24. Nc6 Qd7 25. Ne5 Qd6 26. Rxc7 Qxc7 27. Kg2 Bd6 28. Qd3 a6 29. Nc6 Kg7 30. d5 exd5 31. Bxd5 Nxd5 32. Qxd5 Kg8 33. Qf3 Kg7 34. Nd4 Qd7 35. Ne2 Qe7 36.
Qc3+ Be5 37. Qf3 Qf6 38. Qd3 Qe6 39. Nf4 Bxf4 40. gxf4 Qf6 41. Qe3 Qe6 42. Qf3 Kf6 43.
Qg3 Kg7 44. Qf3 h5 45. Qg3 Qf5 46. Qf3 a5 47. h3 b4 48. Kh2 Kh6 49. Qe3 Kg7 50.
Qf3 g5 51. Qg3 Qxf4 52. Kg2 Qxg3+ 53. fxg3 f5 54. Kf3 Kf6 55. h4 gxh4 56. gxh4 Ke5 57. Ke3 f4+ 58. Kf3 Kf5 59. Kf2 Ke4 60. Ke2 f3+ 61. Kf2 Kf4 62. Kf1 Ke3 63. Ke1 Kf4 64.
Kf2 Kg4 65. Ke3 Kg3 66. Ke4 f2 67. Kf5 f1=Q+ 68. Kg5 Qe2 69. Kh6 Qg4 70. Kh7 Kf4 71. a3 bxa3 72. b4 axb4 73. Kh6 Kf5 74. Kh7 Kf6 75.
Kh6 Qg6# 0-1

[Event "Late-Titled-Tuesday-Blitz-June-18-2024"]
[Site "Chess.com"]
[Date "2024.06.18"]
[Round "3"]
[White "Sic_Transit_GM"]
[Black "David_ATM"]
[Result "0-1"]
[WhiteElo "2542"]
[BlackElo "2450"]
[TimeControl "180+1"]
[EndTime "14:31:02 PDT"]
[Termination "David_ATM won by checkmate"]

1. Nf3 d6 2. c4 e5 3. Nc3 Nf6 4. d3 g6 5. g3 Bg7 6. Bg2 O-O 7.
O-O c6 8. Bg5 h6 9. Bd2 Kh7 10.
Rb1 Ng8 11. b4 f5 12. b5 Nd7 13. bxc6 bxc6 14. Qa4 Qc7 15. Nd1 Nc5 16. Qa3 Be6 17. Ba5 Qd7 18. Bb4 Nb7 19. Nd2 Rfb8 20. Qa6 Ne7 21. Nc3 Nd8 22. Ba3 Qc7 23. Rb3 Rxb3 24. axb3 Nf7 25. b4 Qb6 26. Qa4 Bd7 27. c5 dxc5 28.
bxc5 Qc7 29. Nc4 Rb8 30. Nd6 Nd8 31. Bb4 Nd5 32. Bxd5 cxd5 33. Qa5 Qxa5 34. Bxa5 Bc6 35. Bxd8 Rxd8 36. Ra1 Rd7 37. Ra6 Ba8 38. Ncb5 Bf8 39.
Rxa7 Rxa7 40. Nxa7 Kg7 41. Nab5 Bc6 42. Nc7 Kf6 43.
Kf1 Ke7 44. Ncb5 Kd7 45. d4 e4 46. e3 Bxb5+ 47. Nxb5 Be7 48. Nc3 h5 49. Ke2 g5 50.
Kd2 h4 51. gxh4 gxh4 52. h3 Bf6 53. Ne2 Bg5 54. Kc3 Kc6 55. Kb4 Bd8 56. Nc3 Bc7 57. Nb5 Bg3 58. Na7+ Kb7 59. Nb5 Bxf2 60. Nc3 Bxe3 61.
Nxd5 Bxd4 62. Kb5 e3 63. c6+ Kc8 64. Nf4 Be5 65. Nd3 e2 66. Ne1 Bg3 67. Nf3 e1=Q 68.
Nxe1 Bxe1 69. Kc4 Bg3 70. Kd3 f4 71. Ke2 Kc7 72. Kf3 Kxc6 73. Ke4 Kd6 74. Kf3 Ke5 75. Ke2 Ke4 76. Kf1 f3 77. Kg1 Ke3 78. Kf1 Kd2 79.
Kg1 Ke2 80. Kh1 f2 81. Kg2 f1=Q# 0-1

[Event "Late-Titled-Tuesday-Blitz-June-18-2024"]
[Site "Chess.com"]
[Date "2024.06.18"]
[Round "3"]
[White "s-dshubin"]
[Black "Rochachade"]
[Result "0-1"]
[WhiteElo "2388"]
[BlackElo "2193"]
[TimeControl "180+1"]
[EndTime "14:31:06 PDT"]
[Termination "Rochachade won by resignation"]

1. e4 Nf6 2. Nc3 e5 3. Nf3 Nc6 4. Bc4 Nxe4 5. Bxf7+ Kxf7 6. Nxe4 d5 7. Nc3 e4 8. Ng1 Be6 9. d3 exd3 10. Qxd3 Bc5 11. Bf4 Nb4 12. Qd2 Qf6 13. O-O-O c6 14. a3 Na6 15.
Nf3 Rhe8 16. Be5 Qf5 17. Bd4 Bxd4 18. Nxd4 Qf6 19. Nxe6 Rxe6 20. Rhe1 Rae8 21. Rxe6 Qxe6 22. Qf4+ Qf6 23. Qxf6+ Kxf6 24. Kd2 Nc5 25. f3 g5 26. Ne2 Ne6 27. Rh1 Nf4 28. Nxf4 gxf4 29. g3 Kf5 30. g4+ Kg6 31. h4 Re3 32. Rf1 h6 33.
Rf2 Kf6 34. Rf1 d4 35. Rf2 c5 36. a4 b6 37. b3 a6 38. Rf1 Kg6 39. Kc1 b5 40.
axb5 axb5 41. Kd2 Kf6 42. Ra1 Rxf3 43. Ra6+ Ke5 44. Rxh6 Rf2+ 45. Kd3 Rf3+ 46. Kd2 Rg3 47. Rc6 Kd5 48. Rg6 f3 49. h5 Rg1 50. Rf6 Rxg4 51. Rxf3 Rh4 52. Rf5+ Kc6 53. Kd3 Rh3+ 54. Ke4 Rh2 55.
Rf6+ Kd7 56. Rf5 Rxc2 57. h6 Re2+ 58. Kd3 Re3+ 59. Kd2 Rh3 60. Rf7+ Kd6 61. h7 c4 62. bxc4 bxc4 63. Ke2 c3 64. Kd1 Ke5 65. Re7+ Kd5 66.
Rd7+ Ke4 67. Kc2 Rh2+ 68. Kb3 Kd3 69. Rg7 c2 70. Kb2 Kd2 71. Rc7 d3 72. Kb3 c1=Q 73.
Rxc1 Kxc1 74. Kc3 d2 75. h8=Q Rxh8 76. Kc4 d1=Q 0-1

[Event "Late-Titled-Tuesday-Blitz-June-18-2024"]
[Site "Chess.com"]
[Date "2024.06.18"]
[Round "3"]
[White "OparinGrigoriy"]
[Black "ChessSwole"]
[Result "1/2-1/2"]
[WhiteElo "3020"]
[BlackElo "2732"]
[TimeControl "180+1"]
[EndTime "14:31:10 PDT"]
[Termination "Game drawn by repetition"]

1. Nc3 d5 2. d4 Nf6 3. Bf4 e6 4. e3 Bb4 5. Ne2 c5 6. a3 cxd4 7. axb4 dxc3 8. Nxc3 O-O 9. Be2 Nc6 10. b5 Ne7 11.
O-O Ng6 12. Bg3 e5 13. Qd3 Be6 14. Rfd1 Qe7 15. Ra4 Rfd8 16. Rda1 Qc5 17. h4 h5 18.
Qd1 Bg4 19. Bxg4 Nxg4 20. Rxg4 hxg4 21. h5 Ne7 22. Bxe5 Qc8 23. Qd4 f6 24. Bh2 a6 25.
b6 Qe6 26. Bc7 Rd7 27. Ne2 Nc6 28. Qf4 Re8 29. c3 Qe4 30. Qg3 Ne7 31. Nf4 Qf5 32. Rd1 a5 33. Rd4 Nc6 34. Ra4 Re4 35. Ra1 a4 36. Rd1 Kh7 37. Ng6 Re8 38. Nf4 Re4 39.
Qh4 Ne5 40. Qh2 Nc4 41. Ne2 Nxb2 42. Ra1 Qg5 43. Bf4 Rxf4 44. Qxf4 Qxh5 45. Ra2 Nd3 46. Qd4 Qf5 47. Ng3 Qg6 48. Rxa4 Ne5 49. Ne2 Rd6 50.
Ra1 Rc6 51. Nf4 Qe4 52. Nxd5 Qxd4 53. cxd4 Nc4 54. Rb1 Re6 55. Rb4 Nd6 56. Kf1 Ne4 57. Ke2 Rd6 58. Nf4 Nc3+ 59. Kd3 Nd1 60. f3 gxf3 61. gxf3 Nf2+ 62. Ke2 g5 63. Nd3 Nxd3 64.
Kxd3 Kg6 65. e4 g4 66. fxg4 Kg5 67. Ke3 Kxg4 68. Rb1 Kg5 69. Rg1+ Kh6 70. Rb1 Kg6 71. Rb4 Kf7 72. Kf3 Ke6 73. Kf4 Rd8 74. d5+ Kd6 75. Kf5 Kc5 76. Rb1 Rd6 77. Rc1+ Kd4 78. Rb1 Kc5 79. Rb2 Kd4 80. Rb1 Kc5 1/2-1/2

[Event "Late-Titled-Tuesday-Blitz-June-18-2024"]
[Site "Chess.com"]
[Date "2024.06.18"]
[Round "3"]
[White "Tunahan_Makaraci"]
[Black "EternalNight8"]
[Result "1-0"]
[WhiteElo "2613"]
[BlackElo "2415"]
[TimeControl "180+1"]
[EndTime "14:31:10 PDT"]
[Termination "Tunahan_Makaraci won on time"]

1. e4 c5 2. Nf3 d6 3. d4 cxd4 4. Nxd4 Nf6 5. Nc3 Nc6 6. Bg5 Bd7 7. Qd2 Rc8 8. Bb5 Nxd4 9. Bxd7+ Nxd7 10. Qxd4 h6 11. Bh4 Nc5 12. O-O-O Qa5 13. Kb1 Rg8 14. Rhe1 Ne6 15. Qd5 Qb6 16. Qb5+ Qxb5 17. Nxb5 a6 18. Nc3 g5 19. Bg3 Bg7 20. e5 dxe5 21. Bxe5 Bxe5 22.
Rxe5 Rd8 23. Rde1 Kd7 24. Ne4 f6 25. Nxf6+ exf6 26. Rxe6 Rgf8 27. Re7+ Kc8 28. Kc1 Rd4 29. Rd1 Rxd1+ 30. Kxd1 Rd8+ 31. Ke2 Rd5 32. Rf7 Rc5 33. c3 Rb5 34. b4 a5 35. a3 axb4 36. axb4 Rf5 37. Ke3 b5 38. Rh7 Re5+ 39. Kd3 Rd5+ 40. Kc2 Re5 41. Kd3 Rd5+ 42. Ke4 Re5+ 43. Kd4 Re2 44. Rxh6 Rxf2 45. Kc5 Rf5+ 46. Kc6 Kd8 47. g4 Rf3 48. Kxb5 Rxc3 49. Rxf6 Rh3 50. Rf2 Rh4 51.
Rg2 Kc7 52. Rc2+ Kb7 53. Rg2 Kc7 54. Kc5 Kb7 55. Kd5 Rh8 56. Ke5 Rf8 57. b5 Kb6 58.
Rd2 Kxb5 59. Rd5+ Kc6 60. Rd6+ Kc7 61. Rg6 Rh8 62. Rxg5 Rxh2 63. Rf5 Kd7 64. Kf6 Ke8 65. Kg7 Rg2 66. g5 Ke7 67. Re5+ Kd6 68. Kf6 Rf2+ 69.
Rf5 Rg2 70. g6 Kd7 71. Kf7 Re2 72. g7 Re7+ 73. Kg6 Re6+ 74. Kh7 Re7 75. Kh8 Ke6 76. Rf8 1-0

[Event "Late-Titled-Tuesday-Blitz-June-18-2024"]
[Site "Chess.com"]
[Date "2024.06.18"]
[Round "3"]
[White "GoltsevDmitry2000"]
[Black "dropstoneDP"]
[Result "1/2-1/2"]
[WhiteElo "2718"]
[BlackElo "2976"]
[TimeControl "180+1"]
[EndTime "14:31:12 PDT"]
[Termination "Game drawn - insufficient material"]

1. e4 e5 2. Nf3 Nf6 3. Nxe5 d6 4. Nf3 Nxe4 5. d3 Nf6 6. d4 g6 7. c4 Bg7 8. Nc3 O-O 9. Be2 Nc6 10. O-O Re8 11. Bg5 h6 12. Bh4 g5 13. Bg3 Nh5 14. d5 Nxg3 15. hxg3 Ne5 16. Nxe5 Bxe5 17. Bd3 g4 18.
Re1 Bd7 19. Qc2 Qg5 20. Re2 Re7 21. Rae1 Rae8 22. a3 h5 23. Ne4 Qg7 24. Qd2 f5 25. Ng5 Qf6 26. c5 dxc5 27. Ne6 Bxe6 28. Rxe5 Bxd5 29.
Rxe7 Rxe7 30. Rxe7 Qxe7 31. Bxf5 Qe5 32. Qg5+ Kf8 33.
Qxh5 Qxb2 34. Qxg4 Qa1+ 35. Kh2 Qh8+ 36. Kg1 Qa1+ 37. Kh2 Qd4 38. Qg5 Bf7 39. Qh6+ Qg7 40. Qf4 Qh8+ 41. Kg1 Qa1+ 42. Kh2 Qf6 43. g4 Qd6 44.
Kg3 b5 45. g5 a5 46. g6 Bd5 47.
Be4+ Qxf4+ 48. Kxf4 Bxe4 49. Kxe4 Kg7 50. Kd5 c4 51.
Kd4 c5+ 52. Kc3 Kxg6 53. a4 bxa4 54. Kxc4 Kf5 55. f3 Kf4 56. g4 a3 57. Kb3 c4+ 58.
Kxa3 Ke3 59. g5 c3 60. Kb3 Kd3 61. g6 c2 62. g7 c1=Q 63. g8=Q Qc3+ 64. Ka2 Qc2+ 65.
Ka3 Qc1+ 66. Ka2 Qd2+ 67. Ka3 Qb4+ 68. Ka2 Ke2 69. Qd5 Ke3 70. Qe4+ Qxe4 71. fxe4 Kxe4 72. Ka3 Kd5 73. Ka4 Kc6 74. Kxa5 1/2-1/2

[Event "Late-Titled-Tuesday-Blitz-June-18-2024"]
[Site "Chess.com"]
[Date "2024.06.18"]
[Round "3"]
[White "10n0l20"]
[Black "IMRosen"]
[Result "1/2-1/2"]
[WhiteElo "2472"]
[BlackElo "2742"]
[TimeControl "180+1"]
[EndTime "14:31:21 PDT"]
[Termination "Game drawn by repetition"]

1. e4 e5 2. Nf3 Nf6 3. Nxe5 Nc6 4. d4 Nxe4 5. Bd3 d5 6. Nxc6 bxc6 7. O-O Be7 8. Nd2 Nf6 9. Nf3 O-O 10. Ne5 Bb7 11.
Bg5 c5 12. c3 h6 13. Bh4 c4 14. Bc2 Re8 15. Qf3 Qd6 16. Rfe1 Rad8 17. Re3 Qb6 18. b3 c5 19. Bxf6 Qxf6 20. Qxf6 Bxf6 21. Ng4 Bg5 22. Rxe8+ Rxe8 23. dxc5 Re2 24. Bf5 Bc6 25. Ne3 Bxe3 26. fxe3 Rxe3 27. Rc1 g6 28. Bg4 a5 29. Bf3 cxb3 30. axb3 g5 31. c4 Rd3 32. cxd5 Bxd5 33. Bxd5 Rxd5 34. c6 Rd8 35. c7 Rc8 36. Kf2 Kf8 37. Ke3 Ke7 38. Rc5 Kd6 39. Rxa5 Rxc7 40. Ra6+ Ke5 41. Rxh6 Rb7 42. Rh7 Rxb3+ 43. Kf2 f5 44.
Ra7 Rb4 45. h3 Kf4 46. Ra2 Ke4 47. Re2+ Kd5 48. Kg3 Rb3+ 49. Kh2 Rb1 50. Kg3 Rb3+ 51. Kh2 Rb4 52. Kg3 Rd4 53. Re8 Rd3+ 54. Kh2 Rd4 55. Rg8 g4 56. hxg4 fxg4 57. Kg3 Ke5 58. Rxg4 Rd3+ 59. Kh4 Kf5 60. Ra4 Rd1 61. Ra5+ Kg6 62. g3 Rd3 63. Ra6+ Kg7 64. g4 Rd5 65. Rb6 Rd7 66. Kh5 Rc7 67. Rb5 Kh7 68. Rg5 Rd7 69. Ra5 Re7 70. Ra6 Rb7 71. Rh6+ Kg7 72. Rg6+ Kh7 73.
Rg5 Re7 74. Ra5 Rb7 75. g5 Kg7 76. Ra6 Rc7 77. Ra8 Kh7 78. Re8 Kg7 79. Re6 Ra7 80. Rg6+ Kh7 81. Rh6+ Kg7 82. Rg6+ Kh7 83. Rh6+ Kg7 84.
Rg6+ 1/2-1/2